Map: [ESL] Solaris

Players

Future

  • Race: Terran Terran
  • Spawn Location: 1:00

Scarlett - Winner!

  • Race: Zerg Zerg
  • Spawn Location: 7:00

Event: ESL SC2 Masters 2023 Winter (Finals)

VOD

Have the link to the VOD?

Description

Time

  • Played on: Dec. 15, 2023, 4:04 p.m.
  • Length: 13:43

All games in this series

Show
View Real Time Build Order
Export as new Build Order

Future Terran 

Build Orders: Command Center First, Hellion Banshee 

Get SALT Encoding   

  12  0:00  SCV  
  13  0:12  SCV  
  14  0:16  Supply Depot  
  14  0:24  SCV  
  15  0:38  SCV  
  16  0:50  SCV  
  17  0:59  Command Center  
  17  1:02  SCV  
  18  1:14  SCV  
  18  1:15  Barracks  
  19  1:21  Refinery  
  19  1:26  SCV  
  19  1:28  Refinery  
  20  1:39  SCV  
  21  1:51  SCV  
  22  2:02  Marine  
  22  2:03  Orbital Command  
  23  2:11  Orbital Command, Factory  
  23  2:25  Barracks Reactor  
  23  2:28  SCV  
  24  2:37  SCV  
  24  2:40  SCV  
  26  2:49  SCV  
  27  2:52  SCV  
  27  2:54  Hellion  
  27  2:58  Starport  
  30  3:00  Supply Depot  
  30  3:01  SCV  
  30  3:03  Marine x2  
  33  3:10  SCV  
  34  3:14  SCV  
  34  3:24  SCV  
  34  3:26  SCV  
  36  3:28  Hellion x2  
  36  3:29  Supply Depot  
  40  3:34  Starport Tech Lab  
  40  3:36  SCV  
  40  3:38  SCV  
  42  3:43  Supply Depot  
  42  3:48  SCV  
  42  3:50  Hellion, SCV  
  42  3:51  Hellion  
  42  3:52  Supply Depot  
  42  3:54  Banshee, Cloaking Field  
  51  4:00  SCV  
  51  4:02  SCV  
  53  4:05  Barracks Tech Lab  
  53  4:06  Supply Depot  
  53  4:13  Hellion x2, SCV  
  53  4:14  SCV  
  59  4:21  Command Center  
  59  4:25  SCV  
  59  4:26  SCV  
  61  4:36  Barracks  
  61  4:37  Barracks, SCV  
  62  4:38  SCV  
  62  4:40  Banshee  
  62  4:41  Factory Reactor  
  66  4:49  SCV  
  66  4:50  SCV  
  66  4:51  Engineering Bay x2  
  68  4:56  Marine  
  69  5:00  Refinery  
  69  5:01  SCV  
  69  5:02  SCV, Supply Depot  
  71  5:07  Refinery  
  71  5:14  SCV, Marine  
  71  5:15  SCV  
  74  5:28  Barracks  
  74  5:29  Barracks  
  74  5:30  SCV  
  74  5:31  Starport Reactor, SCV  
  74  5:32  Terran Infantry Weapons Level 1  
  74  5:33  Terran Infantry Armor Level 1  
  74  5:34  Orbital Command  
  76  5:36  Marine x2  
  76  5:42  Marine  
  76  5:43  Supply Depot, Marine, SCV x2  
  76  5:48  Starport Reactor  
  80  5:51  Marine  
  80  5:53  Siege Tank  
  80  5:54  Marine  
  80  5:55  SCV x2  
  80  5:56  Marine  
  88  5:58  Supply Depot x2  
  88  6:00  Marine x2  
  88  6:01  Orbital Command  
  90  6:09  Marine  
  90  6:10  SCV  
  92  6:11  Marine  
  92  6:14  Marine  
  92  6:16  Barracks Reactor  
  92  6:18  Barracks Reactor, Marine x2  
  94  6:21  SCV  
  94  6:22  SCV  
  98  6:27  SCV, Marine  
  98  6:29  Siege Tank, Marine, Medivac x2  
  98  6:31  Stimpack  
  108  6:34  SCV x2  
  108  6:38  Marine  
  108  6:39  Marine x2  
  114  6:40  Supply Depot, Armory, SCV  
  114  6:44  Supply Depot  
  114  6:48  Supply Depot, Marine  
  114  6:50  Marine  
  114  6:54  SCV x3  
  117  6:56  Marine, Refinery  
  117  6:57  Refinery  
  117  6:59  Supply Depot  
  117  7:00  Supply Depot  
  117  7:01  Siege Tank  
  122  7:03  Medivac  
  122  7:05  Medivac  
  126  7:10  Marine x2  
  126  7:12  Marine  
  126  7:13  Marine x3  
  132  7:16  SCV  
  132  7:18  Marine x2  
  132  7:19  Marine  
  136  7:28  Marine x2  
  138  7:31  Command Center, Sensor Tower, Marine  
  138  7:36  Siege Tank  
  142  7:39  Marine  
  142  7:43  Marine  
  142  7:44  Marine  
  145  7:47  Marine  
  146  7:57  Terran Infantry Weapons Level 2  
  146  7:58  Barracks x2, Terran Infantry Armor Level 2  
  146  7:59  Barracks  
  146  8:02  Supply Depot x2  
  146  8:06  Terran Vehicle Weapons Level 1  
  146  8:10  Combat Shield, SCV  
  147  8:15  Siege Tank  
  147  8:16  Missile Turret  
  150  8:20  Factory, Missile Turret  
  150  8:21  SCV x2  
  148  8:31  Medivac x2  
  152  8:34  Marine  
  152  8:37  Marine  
  154  8:44  Marauder, Marine x3  
  154  8:47  Siege Tank, Marine  
  163  8:49  Barracks Tech Lab  
  163  8:50  Barracks Tech Lab  
  163  8:51  Barracks Tech Lab  
  161  8:57  Marine x3  
  161  9:01  SCV x3  
  167  9:05  Marauder  
  167  9:08  Marine  
  167  9:09  Marauder x2  
  174  9:12  Marine, Marauder  
  174  9:15  Marine x2  
  174  9:16  Marine  
  178  9:23  Siege Tank, Factory Tech Lab  
  173  9:28  Marine  
  173  9:29  Marine, Concussive Shells, Marauder  
  173  9:31  Marauder x2  
  175  9:33  Marauder, Marine x5  
  175  9:34  Marine  
  175  9:36  Medivac  
  165  9:43  Siege Tank  
  161  9:46  Marine  
  161  9:47  Marine  
  161  9:49  Marine  
  161  9:50  SCV x2  
  161  9:51  Marine  
  162  9:55  Siege Tank  
  162  9:59  SCV  
  152  10:01  Marine  
  152  10:02  Marine, Marauder x2  
  152  10:04  Marine  
  152  10:07  Marine  
  150  10:11  Marine, Marauder  
  150  10:13  SCV x2  
  150  10:14  Planetary Fortress, SCV  
  138  10:15  Siege Tank  
  138  10:20  Terran Infantry Weapons Level 3  
  141  10:25  SCV  
  141  10:26  SCV  
  141  10:27  Siege Tank  
  141  10:28  Missile Turret  
  146  10:29  Refinery  
  146  10:30  Refinery  
  146  10:31  Missile Turret  
  146  10:32  Terran Infantry Armor Level 3  
  146  10:35  SCV  
  147  10:38  SCV x2  
  147  10:39  Marauder  
  147  10:40  Marauder  
  147  10:42  Marauder  
  155  10:44  Marine x4  
  155  10:46  Marine  
  155  10:47  SCV  
  160  10:50  SCV  
  160  10:52  Siege Tank  
  160  10:54  Marauder  
  160  10:55  Marine  
  167  10:57  Medivac x2  
  171  11:07  Marauder x2  
  171  11:10  Marine x8  
  183  11:13  Marine  
  183  11:15  Marine  
  183  11:17  Siege Tank  
  183  11:24  Siege Tank  
  186  11:27  Medivac  
  186  11:28  Marine x7  
  193  11:38  Supply Depot x2  
  193  11:43  Sensor Tower  
  193  11:44  Command Center  
  189  12:00  Marine x2  
  188  12:05  Marine  
  188  12:08  Marine x2  
  188  12:12  Supply Depot  
  188  12:13  Supply Depot, Marine  
  188  12:14  Marine  
  188  12:15  Marine  
  188  12:16  Siege Tank, Marauder x3  
  188  12:17  Siege Tank  
  188  12:20  Marine  
  188  12:25  Marine  
  188  12:29  Marauder  
  188  12:35  Marine  
  186  12:37  Marauder x2  
  186  12:38  Marauder  
  186  12:39  Marine x2  
  186  12:41  Medivac x2  
  174  12:45  Marine x2  
  174  12:47  Marine  
  174  12:48  Siege Tank, Marine  
  174  12:49  Siege Tank, Marine  
  174  12:50  Marauder  
  155  12:56  Marine  
  155  12:57  Marine  
  142  12:58  Marine  
  142  12:59  Marauder x3  
  142  13:02  Marine  
  142  13:03  Marine  
  147  13:06  Orbital Command  
  147  13:09  Marine  
  147  13:11  Marine x2, Medivac x2  
  147  13:12  Marauder  
  146  13:14  Marine  
  120  13:20  Marauder x3, Marine  
  120  13:24  Marine  
Show
View Real Time Build Order
Export as new Build Order

Scarlett Zerg - Winner!

Build Orders: Hatch First 

Get SALT Encoding   

  12  0:00  Drone  
  13  0:12  Overlord  
  13  0:17  Drone  
  14  0:30  Drone x2  
  16  0:46  Hatchery  
  15  0:50  Drone  
  15  0:54  Drone  
  17  0:57  Drone  
  18  1:09  Extractor  
  17  1:12  Spawning Pool  
  17  1:15  Drone  
  17  1:19  Drone  
  18  1:27  Drone  
  19  1:38  Drone  
  20  1:50  Drone  
  21  1:58  Queen x2  
  21  2:00  Zergling x4  
  27  2:11  Drone, Overlord  
  28  2:18  Metabolic Boost  
  28  2:31  Drone x2  
  28  2:32  Hatchery  
  28  2:33  Drone  
  28  2:36  Drone  
  31  2:42  Queen  
  33  2:47  Overlord  
  33  2:56  Drone x3  
  36  3:07  Drone x6  
  42  3:13  Overlord  
  42  3:21  Overlord  
  42  3:23  Queen  
  42  3:25  Overlord  
  43  3:34  Overlord x2  
  43  3:36  Queen  
  45  3:42  Drone x3  
  45  3:44  Drone x2  
  45  3:48  Drone x2  
  52  3:56  Drone x5  
  52  4:01  Drone  
  58  4:04  Drone  
  58  4:08  Drone x2  
  61  4:12  Queen  
  61  4:13  Queen  
  61  4:16  Drone x2  
  67  4:18  Overlord  
  67  4:21  Drone x2  
  69  4:28  Drone x3  
  72  4:32  Overlord  
  72  4:34  Lair  
  72  4:35  Overlord  
  72  4:38  Roach Warren  
  71  4:41  Drone  
  71  4:43  Spore Crawler  
  71  4:44  Drone, Spore Crawler  
  71  4:45  Drone x2  
  73  4:47  Zergling x4  
  73  4:48  Zergling x2  
  73  4:51  Zergling x6  
  79  4:57  Zergling x2  
  79  4:58  Zergling x8  
  84  5:01  Spore Crawler  
  84  5:03  Extractor x2  
  84  5:06  Zergling x2  
  82  5:09  Extractor  
  79  5:16  Drone x6  
  84  5:25  Drone x7  
  90  5:29  Evolution Chamber  
  90  5:30  Evolution Chamber  
  87  5:38  Hatchery  
  87  5:40  Overseer  
  87  5:41  Glial Reconstitution  
  87  5:42  Drone  
  83  5:44  Drone x4  
  83  5:48  Drone x5  
  92  5:54  Extractor  
  92  5:55  Extractor  
  90  5:57  Drone x4  
  90  6:01  Evolution Chamber  
  94  6:09  Drone x6  
  99  6:11  Hatchery  
  99  6:14  Zerg Missile Weapons Level 1, Zerg Ground Armor Level 1  
  99  6:17  Queen x2  
  100  6:18  Overlord  
  100  6:20  Roach x3  
  100  6:24  Evolution Chamber  
  105  6:29  Overseer, Overlord  
  105  6:30  Overlord  
  105  6:31  Overlord x5  
  107  6:40  Roach  
  107  6:45  Roach  
  107  6:46  Roach x2  
  113  6:53  Roach x3  
  119  6:59  Unknown  
  118  7:03  Drone x2  
  118  7:04  Drone  
  118  7:07  Infestation Pit  
  120  7:19  Roach x3  
  126  7:24  Queen  
  126  7:25  Drone x5, Hatchery  
  126  7:29  Roach  
  142  7:30  Roach x4  
  142  7:34  Overlord  
  142  7:38  Overlord x2  
  142  7:40  Ravager  
  142  7:41  Ravager x2  
  145  7:48  Roach  
  145  7:49  Roach x5  
  145  7:50  Infestor  
  159  7:55  Infestor x3  
  165  8:01  Roach x9  
  183  8:06  Hatchery  
  183  8:07  Drone  
  183  8:11  Zerg Melee Weapons Level 1, Zerg Ground Armor Level 2  
  183  8:13  Hive  
  183  8:21  Hatchery  
  181  8:36  Ravager x6  
  187  8:46  Ravager x3  
  190  8:50  Baneling Nest  
  189  9:09  Roach x5  
  197  9:21  Ravager x2  
  195  9:26  Ravager x2  
  189  9:33  Roach x6  
  175  9:41  Roach x14  
  175  9:44  Ravager  
  199  9:50  Ravager x2  
  199  9:58  Zergling x8  
  197  10:00  Centrifugal Hooks  
  197  10:01  Adrenal Glands  
  188  10:11  Zergling x24  
  169  10:16  Zerg Melee Weapons Level 2  
  169  10:18  Viper  
  171  10:32  Zerg Ground Armor Level 3, Viper  
  174  10:36  Zergling x40, Spore Crawler  
  174  10:38  Ultralisk Cavern  
  192  10:52  Drone x3  
  192  10:53  Drone  
  192  10:56  Spore Crawler  
  195  10:59  Baneling x5  
  195  11:00  Zergling x8, Baneling x13  
  193  11:30  Chitinous Plating  
  185  11:45  Spore Crawler  
  174  11:48  Zergling x2, Ultralisk x4  
  193  12:03  Infestor x2  
  190  12:18  Zergling x40  
  190  12:21  Baneling x6  
  198  12:29  Zergling x12  
  191  12:41  Ultralisk  
  191  12:42  Zergling x12, Ultralisk  
  189  12:49  Ultralisk, Anabolic Synthesis  
  182  12:52  Ultralisk  
  182  12:53  Ultralisk  
  182  12:54  Zergling x16  
  193  12:59  Extractor x2, Overlord  
  182  13:14  Zergling x2  
  182  13:15  Zergling x10  
  190  13:25  Zergling x34  
  194  13:40  Extractor  
  199  13:41  Extractor  
Tags
 
Add a new tag
Caveats
  • Supply blocks, unpowered buildings, or Contaminate may cause inaccurate times.
  • Supply counts are checked every 10 seconds.